 Dungeon Crawl Stone Soup version 0.31-a0-229-g1fc7ce93e2 (webtiles) character file.

Game seed: 2512871696690887046

81 qw the Shooter (level 4, -2/26 HPs)
             Began as a Gargoyle Hexslinger on July 6, 2023.
             Slain by a scorpion (5 damage)
             ... on level 2 of the Dungeon.
             The game lasted 00:00:31 (1062 turns).

qw the Shooter (Gargoyle Hexslinger)                Turns: 1062, Time: 00:00:32

Health: -2/26      AC:  7    Str: 11    XL:     4   Next: 40%
Magic:  6/6        EV: 10    Int: 14    God:
Gold:   41         SH:  0    Dex: 14    Spells: 4/5 levels left

rFire   . . .        Y - +1 sling
rCold   . . .        (no shield)
rNeg    + . .        i - +0 ring mail
rPois   inf          h - +0 helmet
rElec   +            (no cloak)
rCorr   .            (no gloves)
SInv    .            (no boots)
Will    .....        (no amulet)
Stlth   ++           (no ring)
HPRegen 0.24/turn    (no ring)
MPRegen 0.10/turn

%: no passive effects
@: no status effects
A: sickness immunity, AC +3, negative energy resistance 1, electricity
resistance, torment resistance 1, petrification resistance, camouflage 1,
deformed body, high MP 1
a: no special abilities


You were on level 2 of the Dungeon.
You visited 1 branch of the dungeon, and saw 2 of its levels.

You collected 41 gold pieces.


Innate Abilities, Weirdness & Mutations

You are immune to sickness and miasma.
Your stone body is resilient. (AC +3)
You are immune to poison.
You resist negative energy. (rN+)
You are resistant to electric shocks. (rElec)
You are resistant to unholy torment.
You are immune to petrification.
Your skin changes colour to match your surroundings (Stealth+).
Armour fits poorly on your strangely shaped body.
You have an increased reservoir of magic. (+10% MP)


   Skills:
 - Level 2.0 Fighting
 + Level 3.5 Ranged Weapons
 - Level 2.2 Armour
 - Level 1.5 Dodging
 - Level 1.0 Spellcasting
 - Level 2.6 Hexes


You had 4 spell levels left.
You knew the following spells:

 Your Spells              Type           Power      Damage    Failure   Level
a - Slow                  Hex            32%        N/A       21%         1

Your spell library contained the following spells:

 Spells                   Type           Power      Damage    Failure   Level
 Inner Flame              Hex/Fire       4%         N/A       71%         3
 Portal Projectile        Hex/Tloc       8%         N/A       71%         3
 Cause Fear               Hex            4%         N/A       90%         4

Inventory:

Hand Weapons
 Y - a +1 sling (weapon)
Armour
 h - a +0 helmet (worn)
 i - a +0 ring mail (worn)
Scrolls
 a - 2 scrolls of immolation {unknown}
Potions
 b - a potion of lignification {unknown}
 f - a potion of mutation

Dungeon Overview and Level Annotations

Branches:
Dungeon (2/15)

Altars:


Message History

You shoot a sling bullet.
The sling bullet barely misses the scorpion.
The scorpion stings you but does no damage. x2
You shoot a sling bullet.
The sling bullet hits the scorpion but does no damage.
The scorpion is heavily wounded.
The scorpion stings you but does no damage.
You shoot a sling bullet. The sling bullet hits the scorpion.
The scorpion is heavily wounded.
The scorpion barely misses you. The scorpion stings you.
You shoot a sling bullet.
The sling bullet completely misses the scorpion.
The scorpion stings you but does no damage.
You shoot a sling bullet.
The sling bullet closely misses the scorpion.
The scorpion stings you. x2
You shoot a sling bullet.
The sling bullet barely misses the scorpion.
The scorpion closely misses you.
The scorpion stings you but does no damage.
You shoot a sling bullet.
The sling bullet hits the scorpion but does no damage.
The scorpion is heavily wounded.
The scorpion barely misses you.
You shoot a sling bullet. The sling bullet hits the scorpion.
The scorpion is severely wounded.
The scorpion barely misses you. The scorpion stings you.
You shoot a sling bullet.
The sling bullet hits the scorpion but does no damage.
The scorpion is severely wounded.
The scorpion stings you.
You shoot a sling bullet.
The sling bullet barely misses the scorpion.
The scorpion stings you but does no damage. x2
You shoot a sling bullet.
The sling bullet hits the scorpion but does no damage.
The scorpion is severely wounded.
The scorpion stings you but does no damage.
The scorpion stings you.
You die...

#### #####
#...##...##
..........##
...........#
.........>.#
...........#####
..........##...#
#s@.# #...#
#.#####...#
#..###....#
#..##..%..#####
#..##.#.......####.
##.#..#######......
####.(.### ##.......
#....#....###..#####.
##)##.####..>...#


You could see a scorpion.

Vanquished Creatures
  Jessica (D:2)
  An adder (D:2)
  2 worms (D:2)
  A dart slug (D:1)
  4 ball pythons
  4 endoplasms
  A giant cockroach (D:2)
  3 goblins
  6 hobgoblins
  3 jackals (D:1)
  2 kobolds (D:1)
  A quokka (D:1)
  3 bats
  3 frilled lizards (D:1)
35 creatures vanquished.

Notes
Turn   | Place    | Note
-------+----------+-------------------------------------------
     0 | D:1      | qw the Gargoyle Hexslinger began the quest for the Orb.
     0 | D:1      | Reached XP level 1. HP: 12/12 MP: 2/2
     0 | D:1      | 0 ||| qw: Version: 0.3-a-46-gb1f654a
     0 | D:1      | 0 ||| qw: Game counter: 1628
     0 | D:1      | 0 ||| qw: Melee chars always use a shield: true
     0 | D:1      | 0 ||| qw: God list: Okawaru
     0 | D:1      | 0 ||| qw: Allow faded altars: false
     0 | D:1      | 0 ||| qw: Do Orc after clearing Dungeon:15 true
     0 | D:1      | 0 ||| qw: Do second Lair branch before Depths: true
     0 | D:1      | 0 ||| qw: Lair rune preference: random
     0 | D:1      | 0 ||| qw: Goals: Normal
     0 | D:1      | 0 ||| PLANNING D:1-11
   200 | D:1      | Reached XP level 2. HP: 10/16 MP: 3/3
   327 | D:1      | Reached skill level 3 in Ranged Weapons
   495 | D:1      | Reached XP level 3. HP: 21/21 MP: 4/4
   741 | D:1      | 741 ||| UPGRADING to +0 leather armour.
   751 | D:1      | 751 ||| DROPPING +0 robe.
   752 | D:1      | 752 ||| UPGRADING to +0 helmet.
   757 | D:1      | 757 ||| UPGRADING to +0 ring mail.
   767 | D:1      | 767 ||| DROPPING +0 leather armour.
   768 | D:1      | 768 ||| READING scroll labelled HEOLAO DEIPN.
   773 | D:1      | 773 ||| READING scroll labelled ZUSIFI DIDGHUW.
   774 | D:1      | 774 ||| DRINKING 2 fuming orange potions.
   774 | D:1      | Gained mutation: Armour fits poorly on your strangely
                  | shaped body. [potion of mutation]
   774 | D:1      | Gained mutation: You have an increased reservoir of magic.
                  | (+10% MP) [potion of mutation]
   774 | D:1      | Gained mutation: Your skin changes colour to match your
                  | surroundings (Stealth+). [potion of mutation]
   775 | D:1      | 775 ||| DROPPING scroll of poison.
   882 | D:2      | Noticed Jessica
   889 | D:2      | Killed Jessica
   890 | D:2      | Reached XP level 4. HP: 17/26 MP: 6/6
  1039 | D:2      | Noticed a scorpion
  1060 | D:2      | HP: 3/26 [scorpion (6)]
  1062 | D:2      | Slain by a scorpion

Levels and vault maps discovered:
D:1:      minmay_arrival_three_doors, layout_basic, serial_park_tiny_1,
          minmay_misc_feat_tower
D:2:      layout_rooms, uniq_jessica, uniq_terence

Skill      XL: |  1  2  3 |
---------------+----------+-----
Ranged Weapons | 3 |  3.5
Fighting       | 2 |  2.0
Armour         | 2 |  2.2
Dodging        | |  1.5
Spellcasting   | |  1.0
Hexes          | |  2.6

Action                     |  1- 3 |  4- 6 || total
---------------------------+-------+-------++-------
   Fire: Sling             |   105 |    42 ||   147
    Use: Scroll            |     2 |       ||     2
         Potion            |     1 |       ||     1
 Armour: Robe              |    14 |       ||    14
         Ring mail         |     7 |    15 ||    22
  Dodge: Dodged            |    49 |    11 ||    60

Table legend:
 A = Non-vault XP
 B = Vault XP
 C = Vault XP percentage of total XP
 D = Non-vault monster count
 E = Vault monster count
 F = Vault count percentage of total count
                 A         B        C        D         E       F
            +---------+---------+-------+---------+---------+-------
      Total |      79 |      37 |  31.9 |      34 |       1 |   2.9
            +---------+---------+-------+---------+---------+-------
        D:1 |      42 |       0 |   0.0 |      24 |       0 |   0.0
        D:2 |      37 |      37 |  50.0 |      10 |       1 |   9.1
            +---------+---------+-------+---------+---------+-------
